 Dungeon Crawl Stone Soup version 0.29.1-15-g9cfb28693d (webtiles) character file.

Game seed: 4120660551402184206

344 Peloso the Covered (level 6, 0/52 (53) HPs)
             Began as a Minotaur Fighter on Apr 28, 2023.
             Slain by Edmund
             ... wielding a +2 dire flail of protection
              (12 damage)
             ... on level 4 of the Dungeon.
             The game lasted 00:05:41 (4324 turns).

Peloso the Covered (Minotaur Fighter)               Turns: 4324, Time: 00:05:42

HP:   0/52 (53)     AC: 10    Str: 20    XL:     6   Next: 31%
MP:   5/5           EV:  6    Int:  5    God:
Gold: 163           SH:  9    Dex: 12    Spells: 5/5 levels left

rFire   . . .      SeeInvis .   a - +0 long sword
rCold   . . .      Faith    .   d - +0 kite shield
rNeg    . . .      Spirit   .   l - +0 chain mail
rPois   .          Reflect  .   (helmet restricted)
rElec   .          Harm     .   (no cloak)
rCorr   .          Rampage  .   (no gloves)
Will    .....                   (no boots)
Stlth   ..........              (no amulet)
HPRegen 0.17/turn               (no ring)
MPRegen 0.09/turn               (no ring)

@: lightly drained
A: horns 2, retaliatory headbutt
a: no special abilities


You were on level 4 of the Dungeon.
You visited 1 branch of the dungeon, and saw 4 of its levels.

You collected 163 gold pieces.

Inventory:

Hand Weapons
 a - a +0 long sword (weapon)
Armour
 b - a +0 scale mail
 d - a +0 kite shield (worn)
 l - a +0 chain mail (worn)
Scrolls
 c - a scroll of magic mapping {unknown}
 h - a scroll of fear {unknown}
 i - a scroll of enchant weapon {unknown}
 j - 3 scrolls of teleportation {unknown}
 k - 2 scrolls of blinking {unknown}
 m - a scroll of torment {unknown}
 n - 2 scrolls of butterflies {unknown}
 o - a scroll of noise {unknown}
Potions
 e - 4 potions of might
 f - a potion of brilliance
 g - 2 potions of curing


   Skills:
 + Level 4.6 Fighting
 + Level 5.0 Long Blades
 + Level 5.5 Armour
 + Level 1.4 Dodging
 + Level 4.8 Shields


You had 5 spell levels left.
You didn't know any spells.
Your spell library contained the following spells:

 Spells                   Type           Power      Damage    Failure   Level
 Static Discharge         Conj/Air       0%         3-3/arc   100%        2
 Gell's Gravitas          Tloc           0%         N/A       100%        3
 Teleport Other           Tloc           0%         N/A       100%        3
 Dispel Undead            Necr           0%         3d6       100%        4
 Sticky Flame             Conj/Fire      0%         2d3       100%        4
 Dispersal                Tloc           0%         N/A       100%        6


Dungeon Overview and Level Annotations

Branches:
Dungeon (4/15)
 Temple: D:4-7

Altars:
Cheibriados
Nemelex Xobeh

Annotations:
D:4 Edmund


Innate Abilities, Weirdness & Mutations

You have a pair of horns on your head.
You reflexively headbutt those who attack you in melee.


Message History

Edmund is moderately wounded.
Edmund barely misses you. You furiously retaliate!
You headbutt Edmund, but do no damage. You hit Edmund.
Your headbutt misses Edmund.
Edmund is moderately wounded.
You block Edmund's attack. Edmund hits you but does no damage.
You closely miss Edmund.
Edmund is moderately wounded.
Edmund closely misses you. You furiously retaliate!
You headbutt Edmund. You hit Edmund.
Edmund is heavily wounded.
You block Edmund's attack.
You barely miss Edmund.
Edmund is heavily wounded.
Edmund barely misses you. You furiously retaliate!
You headbutt Edmund.
Edmund hits you with a +2 dire flail of protection.
You hit Edmund. You headbutt Edmund!
Edmund is almost dead.
You block Edmund's attack.
You closely miss Edmund.
Edmund is almost dead.
You block Edmund's attack.
You hit Edmund but do no damage.
Edmund is almost dead.
You block Edmund's attack.
You hit Edmund but do no damage.
Edmund is almost dead.
Edmund hits you with a +2 dire flail of protection!
Edmund barely misses you.
You barely miss Edmund. You headbutt Edmund, but do no damage.
Edmund is almost dead.
You block Edmund's attack.
You hit Edmund.
Edmund is almost dead.
Edmund hits you with a +2 dire flail of protection.
* * * LOW HITPOINT WARNING * * *
You barely miss Edmund. You headbutt Edmund.
Edmund is almost dead.
Edmund hits you with a +2 dire flail of protection!
You die...

..#...#...#....
..#..##...#...#######+#
##..#..###.###........
....#................
##..#..###.###......
..#..##...#...#....
..#...#...#.......
.###..#...#..###@#
#...#..###..#...@# .....
#...#...#...#....+
......
#...#...#...#....#......
.###.###....##.####...#
............##.####...##
..#.......[)...........#
..#....................#
..#.......<............#
..#....................#


You could see Edmund.

Vanquished Creatures
  A necrophage (D:4)
  Terence (D:2)
  2 orc wizards
  9 adders
  A shadow imp (D:3)
  2 worms (D:3)
  4 dart slugs
  11 orcs
  9 ball pythons
  4 bats
  5 endoplasms
  6 giant cockroaches
  4 goblins
  5 hobgoblins
  2 jackals (D:3)
  8 kobolds
  6 quokkas
  15 frilled lizards
  8 rats
103 creatures vanquished.

Vanquished Creatures (others)
  5 fungi (D:2)
  7 plants
12 creatures vanquished.

Grand Total: 115 creatures vanquished

Notes
Turn   | Place    | Note
-------+----------+-------------------------------------------
     0 | D:1      | Peloso the Minotaur Fighter began the quest for the Orb.
     0 | D:1      | Reached XP level 1. HP: 19/19 MP: 0/0
   208 | D:1      | Reached XP level 2. HP: 27/27 MP: 1/1
   782 | D:1      | Reached XP level 3. HP: 33/33 MP: 2/2
  1557 | D:2      | Reached XP level 4. HP: 13/40 MP: 3/3
  2001 | D:2      | Noticed Terence
  2020 | D:2      | Killed Terence
  2346 | D:2      | Found a faded altar of an unknown god.
  2485 | D:3      | Found a snail-covered altar of Cheibriados.
  2502 | D:3      | Reached XP level 5. HP: 17/47 MP: 4/4
  2814 | D:3      | Reached skill level 5 in Armour
  2814 | D:3      | Reached skill level 1 in Dodging
  3573 | D:3      | Found a sparkling altar of Nemelex Xobeh.
  3759 | D:4      | Reached XP level 6. HP: 26/53 MP: 5/5
  4140 | D:4      | Reached skill level 5 in Long Blades
  4305 | D:4      | Noticed Edmund
  4324 | D:4      | Slain by Edmund

Illustrated notes

Levels and vault maps discovered:
D:1:      minmay_arrival_stair_chambers, layout_basic, minmay_tetromino_s4
D:2:      layout_basic, serial_glass, glass_columns_c, glass_columns_a,
          glass_columns_a, glass_columns_c, glass_columns_b, glass_columns_a,
          glass_columns_b, glass_columns_a, glass_columns_c, glass_columns_b,
          shapermc_ecumenical_altar_mp_urbaneastern, kennysheep_minor_cross,
          nrook_uturn, st_stairs_5, palyth_stone_intersect,
          kennysheep_generic_room_11, uniq_terence
D:3:      layout_basic, nemelex_diamond_rough_becter, slow_altar_1,
          minmay_lizard_king
D:4:      layout_gridville, nicolae_titane, uniq_edmund

Skill      XL: |  1  2  3  4  5  6 |
---------------+-------------------+-----
Armour         | 4 5 |  5.5
Fighting       | 4 |  4.6
Shields        | 4 |  4.8
Long Blades    | 3 4 5 |  5.0
Dodging        | 1 |  1.4

Action                   |  1- 3 |  4- 6 || total
-------------------------+-------+-------++-------
Melee: Long sword        |    86 |   254 ||   340
       Headbutt          |    10 |    35 ||    45
  Use: Potion            |     2 |       ||     2
       Scroll            |       |     3 ||     3
Armor: Scale mail        |    64 |    98 ||   162
       Chain mail        |       |     7 ||     7
Dodge: Dodged            |    53 |    59 ||   112
Block: Buckler           |    16 |       ||    16
       Kite shield       |     7 |   124 ||   131
